[Event "Titled Tuesday Blitz August 3 2021"]
[White "Ter-Sahakyan, Samvel"]
[Black "freshfoodcompany"]
[WhiteFideId "13302531"]
[WhiteElo "2551"]
[BlackElo "2434"]
[Result "1-0"]
[Round "01"]
[TimeControl "180+1"]
[Date "2021.08.03"]
[WhiteClock "0:01:19"]
[BlackClock "0:00:56"]

1. Nf3 d5 2. e3 Nf6 3. c4 e6 4. Nc3 c6 5. b3 Nbd7 6. Bb2 Bd6 7. Qc2 O-O 8. d4 e5 9. O-O-O Qe7 10. Kb1 a6 11. h3 b5 12. c5 Bc7 13. g4 e4 14. Nd2 a5 15. Be2 Ba6 16. Nf1 b4 17. Na4 Bb5 18. Ng3 Bxg3 19. fxg3 Rfb8 20. g5 Ne8 21. h4 Nc7 22. Rdf1 Ne6 23. Rf2 f6 24. gxf6 Nxf6 25. Nb6 Ra7 26. Bxb5 cxb5 27. Rhf1 Rc7 28. Rxf6 Rxb6 29. Rf7 Qxf7 30. Rxf7 Kxf7 31. Qf2+ Ke7 32. cxb6 Rb7 33. Qf5 Rxb6 34. Qxd5 Rd6 35. Qxe4 1-0


[Site "https://www.chess.com"]

[Event "Titled Tuesday Blitz August 3 2021"]
[White "Tsaruk, Maksim"]
[Black "Shailesh, Dravid"]
[WhiteFideId "13511173"]
[BlackFideId "25017969"]
[WhiteElo "2184"]
[BlackElo "2228"]
[Result "1-0"]
[Round "01"]
[TimeControl "180+1"]
[Date "2021.08.03"]
[WhiteClock "0:00:39"]
[BlackClock "0:01:25"]

1. d4 Nf6 2. Nf3 g6 3. Bf4 Bg7 4. e3 O-O 5. Be2 d6 6. h3 c5 7. c3 Nc6 8. O-O cxd4 9. exd4 Be6 10. Nbd2 Qb6 11. Qc1 Rac8 12. Bh2 Bd5 13. Re1 Bh6 14. Qb1 e5 15. dxe5 dxe5 16. Nc4 Bxc4 17. Bxc4 e4 18. Rxe4 Nxe4 19. Qxe4 Rcd8 20. b4 Rfe8 21. Qh4 Bd2 22. Qf6 Rd7 23. Nxd2 1-0


[Site "https://www.chess.com"]

[Event "Titled Tuesday Blitz August 3 2021"]
[White "Turzo, Attila"]
[Black "Goltsev, Dmitry"]
[WhiteFideId "704954"]
[BlackFideId "24176710"]
[WhiteElo "2432"]
[BlackElo "2366"]
[Result "0-1"]
[Round "01"]
[TimeControl "180+1"]
[Date "2021.08.03"]
[WhiteClock "0:00:21"]
[BlackClock "0:00:38"]

1. d4 h6 2. c4 e6 3. Nc3 d5 4. Nf3 dxc4 5. e4 Nf6 6. Bxc4 Nbd7 7. O-O Nb6 8. Bb3 Be7 9. Qe2 O-O 10. Rd1 c6 11. Bc2 Qc7 12. e5 Nfd5 13. Qe4 f5 14. exf6 Bxf6 15. Qh7+ Kf7 16. Bxh6 Ke8 17. Bg6+ Kd8 18. Be3 Nxe3 19. fxe3 Nc4 20. e4 Qf4 21. e5 Be7 22. Qxg7 Ne3 23. Rd2 Nxg2 24. Rxg2 Qxf3 25. Be4 Qe3+ 26. Kh1 Bd7 27. Rd1 Re8 28. Bg6 Rf8 29. Ne4 Qf3 30. Kg1 Qxd1# 0-1


[Site "https://www.chess.com"]

[Event "Titled Tuesday Blitz August 3 2021"]
[White "Vivas Zamora, Fabian Ernesto"]
[Black "Tristan, Leonardo"]
[WhiteFideId "3902480"]
[BlackFideId "113816"]
[WhiteElo "1966"]
[BlackElo "2404"]
[Result "0-1"]
[Round "01"]
[TimeControl "180+1"]
[Date "2021.08.03"]
[WhiteClock "0:01:00"]
[BlackClock "0:00:49"]

1. c3 d5 2. d4 Nf6 3. Bf4 e6 4. Nf3 Bd6 5. e3 O-O 6. Bg3 c5 7. Nbd2 Qc7 8. Bd3 Nbd7 9. O-O e5 10. dxe5 Nxe5 11. Nxe5 Bxe5 12. Bxe5 Qxe5 13. Re1 Re8 14. e4 Bg4 15. Qc2 Rad8 16. h3 Bc8 17. exd5 Qxe1+ 18. Rxe1 Rxe1+ 19. Kh2 Rxd5 20. Nf3 Re7 21. Bc4 Rd8 22. a4 b6 23. a5 Bb7 24. Ng5 h6 25. Nxf7 Rxf7 26. Bd5 Bxd5 0-1


[Site "https://www.chess.com"]

[Event "Titled Tuesday Blitz August 3 2021"]
[White "Vokhidov, Shamsiddin"]
[Black "Pajeken, Jakob Leon"]
[WhiteFideId "14204223"]
[BlackFideId "12942839"]
[WhiteElo "2572"]
[BlackElo "2231"]
[Result "1/2-1/2"]
[Round "01"]
[TimeControl "180+1"]
[Date "2021.08.03"]
[WhiteClock "0:02:02"]
[BlackClock "0:01:01"]

1. d4 d6 2. Nf3 Nd7 3. g3 e5 4. c4 exd4 5. Nxd4 g6 6. Bg2 Bg7 7. O-O Ngf6 8. Nc3 O-O 9. b3 c6 10. Bb2 a5 11. Qd2 Nc5 12. Rad1 Re8 13. Nc2 Nfe4 14. Nxe4 Nxe4 15. Bxe4 Bxb2 16. Bg2 Re6 17. Nd4 Bxd4 18. Qxd4 Rxe2 19. h4 Be6 20. h5 Qg5 21. hxg6 hxg6 22. Qxd6 Rxa2 23. Rfe1 Qf6 24. Rd2 Rxd2 25. Qxd2 a4 26. bxa4 Rxa4 27. c5 Rd4 28. Qb2 Kg7 29. Rb1 Rd7 30. Qe2 Bd5 31. Bxd5 cxd5 32. Qd3 d4 33. Re1 Qf5 34. Qc4 d3 35. Rd1 Qf3 36. Rd2 Qd5 37. Qc3+ Qd4 38. Rxd3 Qxc3 39. Rxc3 Rc7 40. Kf1 Rc6 41. Rb3 Rxc5 42. Rxb7 g5 1/2-1/2


[Site "https://www.chess.com"]

[Event "Titled Tuesday Blitz August 3 2021"]
[White "Volkov, Maksim"]
[Black "Bluebaum, Matthias"]
[WhiteFideId "54123070"]
[BlackFideId "24651516"]
[WhiteElo "2113"]
[BlackElo "2685"]
[Result "0-1"]
[Round "01"]
[TimeControl "180+1"]
[Date "2021.08.03"]
[WhiteClock "0:00:32"]
[BlackClock "0:01:20"]

1. d4 Nf6 2. c4 e6 3. g3 d5 4. Nf3 Bb4+ 5. Bd2 a5 6. Bg2 O-O 7. O-O dxc4 8. a3 Bxd2 9. Nbxd2 b5 10. Ne5 Ra6 11. e3 a4 12. Nb1 Rb6 13. Nc3 Bb7 14. e4 Nbd7 15. Nxd7 Nxd7 16. Qd2 Nc5 17. Rad1 Nd3 18. Ne2 Qa8 19. f3 Rd8 20. Qc3 Rbd6 21. Rd2 Qa7 22. Kh1 c5 23. dxc5 Nf2+ 24. Rxf2 Rxd2 25. Qb4 Bc6 26. Bf1 h6 27. Kg1 R8d3 28. Nd4 Rxf2 29. Nxc6 Rxf1+ 30. Kxf1 Qd7 31. Ne5 Rd1+ 32. Ke2 Qd4 33. c6 Rg1 34. Ng4 Rg2+ 35. Kf1 Qg1# 0-1


[Site "https://www.chess.com"]

[Event "Titled Tuesday Blitz August 3 2021"]
[White "Vykouk, Jan"]
[Black "Melikhov, Evgeny V."]
[WhiteFideId "349658"]
[BlackFideId "4122046"]
[WhiteElo "2387"]
[BlackElo "1965"]
[Result "1-0"]
[Round "01"]
[TimeControl "180+1"]
[Date "2021.08.03"]
[WhiteClock "0:00:42"]
[BlackClock "0:00:12"]

1. e4 e5 2. Nf3 Nc6 3. Bc4 Nf6 4. Ng5 d5 5. exd5 Na5 6. Bb5+ c6 7. dxc6 bxc6 8. Be2 h6 9. Nh3 Bd6 10. d3 O-O 11. Nc3 Nb7 12. Bf3 Bd7 13. Ng1 Nc5 14. Nge2 Ne6 15. O-O Rb8 16. Ne4 Bc7 17. Nxf6+ Qxf6 18. c3 Rbd8 19. Ng3 Nf4 20. Bxf4 Qxf4 21. Re1 f5 22. Qb3+ Kh8 23. Qb7 Bb6 24. a4 e4 25. dxe4 fxe4 26. Rxe4 Qd2 27. Re2 Qd6 28. a5 Rb8 29. Qa6 Bc7 30. Qxa7 Rxf3 31. gxf3 Bh3 32. Qd4 Qf8 33. Qe4 Qf6 34. a6 Ra8 35. a7 Bb6 36. Qe8+ Kh7 37. Qe4+ Kh8 38. f4 Rxa7 39. Rxa7 Bxa7 40. f5 Qd6 41. Qe8+ Kh7 42. Qg6+ Qxg6 43. fxg6+ Kxg6 44. Re7 Bb6 45. Rb7 Bd8 46. Rb8 Be7 47. Rb6 Bd7 48. Rb7 1-0


[Site "https://www.chess.com"]

[Event "Titled Tuesday Blitz August 3 2021"]
[White "Weetik, Vjacheslav"]
[Black "Hamley, Ryan"]
[WhiteFideId "4153472"]
[BlackFideId "30959497"]
[WhiteElo "2469"]
[BlackElo "2371"]
[Result "0-1"]
[Round "01"]
[TimeControl "180+1"]
[Date "2021.08.03"]
[WhiteClock "0:00:13"]
[BlackClock "0:00:27"]

1. d4 Nf6 2. c4 e6 3. Nc3 d5 4. Nf3 Bb4 5. e3 O-O 6. Bd3 c5 7. O-O cxd4 8. exd4 dxc4 9. Bxc4 b6 10. Qb3 Bxc3 11. bxc3 Bb7 12. Ne5 Nbd7 13. Bg5 h6 14. Bh4 Nxe5 15. dxe5 g5 16. Bg3 Ne4 17. Rad1 Qe7 18. Rd4 Rfd8 19. Qb2 Qc7 20. Bb3 Nxc3 21. Rxd8+ Rxd8 22. h4 Ne4 23. Bh2 Qe7 24. hxg5 Qxg5 25. f3 Rd2 0-1


[Site "https://www.chess.com"]

[Event "Titled Tuesday Blitz August 3 2021"]
[White "Wyde, David"]
[Black "Timmermans, Mark"]
[WhiteFideId "2028107"]
[BlackFideId "1026399"]
[WhiteElo "2393"]
[BlackElo "2460"]
[Result "0-1"]
[Round "01"]
[TimeControl "180+1"]
[Date "2021.08.03"]
[WhiteClock "0:00:15"]
[BlackClock "0:00:38"]

1. d4 Nf6 2. c4 e6 3. Nc3 Bb4 4. e3 Ne4 5. Ne2 O-O 6. Qc2 f5 7. a3 Bxc3+ 8. Nxc3 Nxc3 9. Qxc3 b6 10. b4 Bb7 11. Bb2 d6 12. d5 e5 13. Be2 Nd7 14. O-O Qe7 15. f3 a5 16. e4 fxe4 17. fxe4 Rxf1+ 18. Rxf1 axb4 19. axb4 Nf6 20. Bf3 Bc8 21. Ra1 Rxa1+ 22. Bxa1 Bg4 23. Bb2 Qd7 24. Bc1 Bxf3 25. gxf3 h6 26. Be3 Qh3 27. Bd2 g5 28. Qe3 Kf7 29. Qf2 Qd7 30. h4 Kg6 31. hxg5 hxg5 32. Qg3 Nh7 33. Qg2 Qa4 34. Qe2 Nf6 35. Qe3 Qd1+ 36. Kg2 g4 37. Qg5+ Kf7 38. fxg4 Qe2+ 39. Kg1 Qxe4 40. Qh6 Qxg4+ 41. Kf1 Qxc4+ 0-1


[Site "https://www.chess.com"]

[Event "Titled Tuesday Blitz August 3 2021"]
[White "Yirik, Volkan"]
[Black "Ponikarovsky, Alexey"]
[WhiteFideId "6300782"]
[BlackFideId "4122887"]
[WhiteElo "2410"]
[BlackElo "1944"]
[Result "0-1"]
[Round "01"]
[TimeControl "180+1"]
[Date "2021.08.03"]
[WhiteClock "0:01:37"]
[BlackClock "0:02:02"]

1. e4 c5 2. Nc3 a6 3. a4 e6 4. Bc4 Nc6 5. d3 Nf6 6. Ba2 d5 7. exd5 exd5 8. Nge2 d4 9. Ne4 Nxe4 10. dxe4 Be7 11. O-O O-O 12. f4 Be6 13. Bxe6 fxe6 14. Bd2 Qd7 15. Ng3 Rae8 16. Qg4 Bd6 17. e5 Bb8 18. Ne4 Kh8 19. Nxc5 Qd5 20. Nd3 Ne7 21. Qf3 Qd7 22. g4 Nd5 23. f5 exf5 24. gxf5 Bxe5 25. Rae1 Ne3 26. Nxe5 Rxe5 27. Bxe3 dxe3 28. Qg4 h6 29. Rf3 Qd2 30. Qg3 Rexf5 31. Rxf5 Rxf5 32. Qxe3 Rg5+ 0-1


[Site "https://www.chess.com"]

[Event "Titled Tuesday Blitz August 3 2021"]
[White "Yoo, Christopher Woojin"]
[Black "Leve, Nitai"]
[WhiteFideId "30909694"]
[BlackFideId "2006898"]
[WhiteElo "2105"]
[BlackElo "2144"]
[Result "1-0"]
[Round "01"]
[TimeControl "180+1"]
[Date "2021.08.03"]
[WhiteClock "0:00:05"]
[BlackClock "0:00:01"]

1. d4 d5 2. Nf3 Nf6 3. c4 c6 4. Nc3 dxc4 5. a4 Bf5 6. e3 e6 7. Bxc4 Nbd7 8. O-O Bb4 9. Qe2 Bg6 10. e4 Bxc3 11. bxc3 Nxe4 12. Ba3 Qc7 13. a5 O-O-O 14. a6 b6 15. Rfc1 e5 16. d5 cxd5 17. Bxd5 Ndf6 18. c4 Nc5 19. Bxc5 Qxc5 20. Bb7+ Kb8 21. Nxe5 Rhe8 22. Re1 Be4 23. Bxe4 Rxe5 24. Qf3 Rde8 25. Qf4 Qc7 26. f3 Nxe4 27. fxe4 Rc5 28. Qf3 Ree5 29. Rad1 Rxc4 30. Rd5 Rc5 31. Red1 Rcxd5 32. exd5 f6 33. d6 1-0


[Site "https://www.chess.com"]

[Event "Titled Tuesday Blitz August 3 2021"]
[White "ketster"]
[Black "Gupta, Abhijeet"]
[BlackFideId "5010608"]
[WhiteElo "2417"]
[BlackElo "2549"]
[Result "0-1"]
[Round "01"]
[TimeControl "180+1"]
[Date "2021.08.03"]
[WhiteClock "0:00:02"]
[BlackClock "0:00:22"]

1. d4 Nf6 2. c4 g6 3. Nc3 d5 4. Nf3 Bg7 5. h4 c6 6. Bg5 O-O 7. Bxf6 Bxf6 8. h5 g5 9. e3 h6 10. Ne5 dxc4 11. Bxc4 Bxe5 12. dxe5 Qxd1+ 13. Rxd1 b5 14. Bb3 Na6 15. e6 Bxe6 16. Bxe6 fxe6 17. Ne4 Rfd8 18. Ke2 c5 19. a3 Kf7 20. g4 c4 21. f4 gxf4 22. exf4 Nc7 23. g5 Rxd1 24. g6+ Kg7 25. Rxd1 Nd5 26. f5 Nf4+ 27. Kf3 Nxh5 28. fxe6 Rf8+ 29. Ke3 Nf6 30. a4 a6 31. axb5 axb5 32. Ra1 Kxg6 33. Ra5 Rb8 34. Nc5 h5 35. Nd7 Rb7 36. Nc5 Rb6 37. Kf3 h4 38. Ra7 Rc6 39. Nd7 Kf5 40. Nf8 Nd5 41. Rd7 Rd6 42. Rb7 b4 43. Rb5 h3 44. Rc5 c3 45. bxc3 bxc3 46. Kg3 Ke4 47. Kxh3 Kd4 48. Rc8 Nb4 49. Ng6 Rxe6 50. Nf4 Rc6 51. Ne2+ Kd3 52. Rxc6 Nxc6 53. Nxc3 Kxc3 54. Kg4 Kd4 55. Kf5 e5 0-1


[Site "https://www.chess.com"]

[Event "Titled Tuesday Blitz August 3 2021"]
[White "Abdusattorov, Nodirbek"]
[Black "Willow, Jonah B"]
[WhiteFideId "14204118"]
[BlackFideId "438804"]
[WhiteElo "2662"]
[BlackElo "2261"]
[Result "1-0"]
[Round "02"]
[TimeControl "180+1"]
[Date "2021.08.03"]
[WhiteClock "0:01:21"]
[BlackClock "0:00:31"]

1. e4 c5 2. Nf3 Nc6 3. d4 cxd4 4. Nxd4 g6 5. Nc3 Bg7 6. Nb3 Nf6 7. Be2 O-O 8. O-O b6 9. Bg5 Bb7 10. Qd2 Rc8 11. Rad1 d6 12. Bh6 Ne5 13. Bxg7 Kxg7 14. f4 Nc4 15. Bxc4 Rxc4 16. e5 Ne4 17. Nxe4 Bxe4 18. c3 d5 19. Nd4 e6 20. Rde1 Qb8 21. g4 b5 22. a3 a5 23. f5 exf5 24. Qf4 Kg8 25. gxf5 Bxf5 26. Qg5 Be4 27. e6 f5 28. e7 Rf7 29. Nxf5 Qa7+ 30. Re3 1-0


[Site "https://www.chess.com"]

[Event "Titled Tuesday Blitz August 3 2021"]
[White "Aggelis, Nikolaos"]
[Black "Gunina, Valentina"]
[WhiteFideId "4213220"]
[BlackFideId "4167570"]
[WhiteElo "2154"]
[BlackElo "2399"]
[Result "0-1"]
[Round "02"]
[TimeControl "180+1"]
[Date "2021.08.03"]
[WhiteClock "0:00:58"]
[BlackClock "0:02:05"]

1. d4 d5 2. g3 Nf6 3. Nf3 Bf5 4. c4 e6 5. Nc3 c6 6. Qb3 Qb6 7. c5 Qxb3 8. axb3 Be7 9. b4 O-O 10. b5 cxb5 11. Nxb5 Nc6 12. Bf4 Be4 13. Bg2 a6 14. Nd6 Bxf3 15. exf3 Nxd4 16. Rd1 Nb3 17. Nxb7 Rfc8 18. Ke2 Ra7 19. Rd3 Rxb7 20. Bd6 Nxc5 21. Bxe7 Nxd3 22. Bxf6 Nxf2 23. Kxf2 gxf6 24. Bh3 Rxb2+ 25. Ke3 Rc3+ 26. Kd4 Rxf3 27. Ra1 Rb5 28. Rxa6 e5# 0-1


[Site "https://www.chess.com"]

[Event "Titled Tuesday Blitz August 3 2021"]
[White "Aitbayev, Aslan"]
[Black "Ambartsumova, Karina"]
[WhiteFideId "13704613"]
[BlackFideId "4166299"]
[WhiteElo "2417"]
[BlackElo "2262"]
[Result "0-1"]
[Round "02"]
[TimeControl "180+1"]
[Date "2021.08.03"]
[WhiteClock "0:00:08"]
[BlackClock "0:00:08"]

1. e4 c5 2. Nf3 e6 3. d4 cxd4 4. Nxd4 a6 5. Bd3 Bc5 6. Nb3 Ba7 7. O-O d6 8. Qg4 Nf6 9. Qxg7 Rg8 10. Qh6 Nc6 11. Nc3 Ne5 12. Kh1 Rg6 13. Qh4 Rg4 14. Qh3 Nxd3 15. cxd3 e5 16. Qf3 Rg6 17. h3 h5 18. Be3 Bg4 19. hxg4 hxg4 20. Qf5 Ke7 21. Bg5 Qh8+ 22. Kg1 g3 23. Qh3 Rxg5 24. Qxh8 Rxh8 25. d4 exd4 26. Nd5+ Nxd5 27. exd5 Rxd5 28. Rfe1+ Re5 29. Rxe5+ dxe5 30. Rc1 Kd6 31. fxg3 e4 32. Kf2 Ke5 33. Rc7 d3+ 34. Ke1 Be3 35. Nd2 Rh1+ 36. Nf1 d2+ 37. Ke2 Rxf1 38. Rd7 Re1# 0-1


[Site "https://www.chess.com"]

[Event "Titled Tuesday Blitz August 3 2021"]
[White "Al-Tarboush, Ward"]
[Black "Alavi, Sayed Javad"]
[WhiteFideId "7601450"]
[BlackFideId "12500607"]
[WhiteElo "2319"]
[BlackElo "2495"]
[Result "0-1"]
[Round "02"]
[TimeControl "180+1"]
[Date "2021.08.03"]
[WhiteClock "0:00:03"]
[BlackClock "0:00:19"]

1. e4 c5 2. Nf3 e6 3. d4 cxd4 4. Nxd4 Nc6 5. Nc3 Qc7 6. Be3 a6 7. Qd2 Nf6 8. O-O-O Bb4 9. f3 Ne7 10. g4 Bxc3 11. Qxc3 Qxc3 12. bxc3 d5 13. g5 Nd7 14. h4 b5 15. h5 dxe4 16. fxe4 Bb7 17. Bg2 Rc8 18. h6 gxh6 19. Rxh6 Rxc3 20. Rd3 Rxd3 21. cxd3 Ne5 22. Kd2 Ng4 23. Rh1 Nxe3 24. Kxe3 Rg8 25. Nf3 Rg7 26. Rc1 Kd8 27. Bf1 Ng8 28. Ne5 h6 29. g6 fxg6 30. Bh3 g5 31. Bxe6 Nf6 32. Nf7+ Ke8 33. Nd6+ Kf8 34. e5 Nd5+ 35. Kf2 Nf4 36. Bf5 Re7 37. d4 Kg7 38. Bg4 Nd3+ 39. Ke3 Nxc1 40. Nf5+ Kf8 41. Nxe7 Kxe7 42. a3 Bd5 43. Kd2 Nb3+ 44. Kc3 Na5 45. Bc8 Bb7 46. Bf5 Nc6 47. Be4 a5 48. d5 Nxe5 49. d6+ Kxd6 50. Bxb7 Kc5 51. Ba8 b4+ 52. Kb3 bxa3 53. Kxa3 Kd4 54. Bg2 Ke3 0-1


[Site "https://www.chess.com"]

[Event "Titled Tuesday Blitz August 3 2021"]
[White "Altman, Joshua"]
[Black "Araujo Sanchez, Josue"]
[WhiteFideId "426210"]
[BlackFideId "6416896"]
[WhiteElo "1945"]
[BlackElo "2181"]
[Result "0-1"]
[Round "02"]
[TimeControl "180+1"]
[Date "2021.08.03"]
[WhiteClock "0:01:46"]
[BlackClock "0:02:25"]

1. d4 Nf6 2. c4 e6 3. Nf3 d5 4. cxd5 exd5 5. Nc3 c6 6. Bg5 Be6 7. Qc2 Nbd7 8. e3 Bd6 9. Bd3 Qc7 10. Rc1 Rc8 11. O-O O-O 12. Bh4 Bg4 13. Bg3 Bxf3 14. gxf3 Qb8 15. Kh1 c5 16. dxc5 Nxc5 17. Bf5 Ne6 18. Rg1 d4 19. exd4 Bxg3 20. Rxg3 Nxd4 21. Qd3 Rcd8 22. Rcg1 g6 23. Bxg6 fxg6 24. Rxg6+ Kh8 25. Qe3 hxg6 26. Qh6+ Nh7 27. Rxg6 Nf5 28. Qh5 Qf4 0-1


[Site "https://www.chess.com"]

[Event "Titled Tuesday Blitz August 3 2021"]
[White "Andreikin, Dmitry"]
[Black "Papasimakopoulos, Alexandros"]
[WhiteFideId "4158814"]
[BlackFideId "4244125"]
[WhiteElo "2782"]
[BlackElo "2352"]
[Result "1-0"]
[Round "02"]
[TimeControl "180+1"]
[Date "2021.08.03"]
[WhiteClock "0:00:10"]
[BlackClock "0:00:19"]

1. Nf3 f5 2. d4 Nf6 3. Bg5 e6 4. Nbd2 Be7 5. Bxf6 Bxf6 6. e4 d5 7. e5 Be7 8. c4 c6 9. Bd3 O-O 10. Qc2 a6 11. a3 b5 12. c5 a5 13. h4 Ba6 14. h5 h6 15. O-O-O b4 16. a4 Bxd3 17. Qxd3 b3 18. Rdg1 Na6 19. Nxb3 Nb4 20. Qd1 Bg5+ 21. Kb1 Rb8 22. Ne1 Rb7 23. Rh3 f4 24. Rc3 Qc7 25. Qg4 Qf7 26. Nf3 Be7 27. Qg6 Qf5+ 28. Qxf5 Rxf5 29. Nxa5 Ra7 30. Rb3 Rxa5 31. Rxb4 Rxh5 32. Kc2 g5 33. Rb7 Kf8 34. Ra1 g4 35. Ne1 Rh2 36. b4 Ra8 37. a5 f3 38. gxf3 g3 39. Nd3 h5 40. Kc3 g2 41. Rg1 h4 42. Nf4 h3 43. Nxe6+ Ke8 44. Nf4 Rh1 45. Nxh3 Rxh3 46. Rxg2 Rxf3+ 47. Kc2 Kf8 48. Rh2 Ra6 49. Rh8+ Kg7 50. Re8 Rxf2+ 51. Kb3 Rf3+ 52. Ka4 Rf4 53. Rexe7+ Kg6 54. Rb6 Ra8 55. Rxc6+ Kg5 56. Rg7+ Kh5 57. Rf6 Rxd4 58. Rf1 Kh6 59. Rg2 Rh4 60. e6 Rb8 61. Rb1 Re8 62. Re2 Kg6 63. a6 Kf6 64. Ka5 Rh3 65. Rf1+ Kg6 66. Rg2+ Kh7 67. b5 Rxe6 68. c6 d4 69. a7 Re8 70. Kb6 Rb3 71. Rh1+ Rh3 72. Rxh3# 1-0


[Site "https://www.chess.com"]

[Event "Titled Tuesday Blitz August 3 2021"]
[White "Angel_Hranitel_37"]
[Black "Shapkin, Anatoliy"]
[BlackFideId "34108332"]
[WhiteElo "2552"]
[BlackElo "2223"]
[Result "1-0"]
[Round "02"]
[TimeControl "180+1"]
[Date "2021.08.03"]
[WhiteClock "0:01:47"]
[BlackClock "0:01:09"]

1. d4 Nf6 2. Nf3 g6 3. c4 Bg7 4. g3 c5 5. Bg2 cxd4 6. Nxd4 O-O 7. O-O Nc6 8. Nc3 Qa5 9. Nf3 d6 10. e4 Be6 11. Qe2 Ng4 12. Nd5 Bxd5 13. exd5 Nce5 14. Bd2 Qc5 15. Nxe5 Nxe5 16. Rac1 Rac8 17. b4 Qd4 18. c5 dxc5 19. bxc5 Qd3 20. Qe3 Rfd8 21. Rfd1 Rxd5 22. Qxd3 Rxd3 23. Bxb7 Rcd8 24. Rc2 Rxd2 25. Rcxd2 1-0


[Site "https://www.chess.com"]

[Event "Titled Tuesday Blitz August 3 2021"]
[White "Anuj Shrivatri"]
[Black "Stangl, Anita, Dr."]
[WhiteFideId "35070924"]
[BlackFideId "4608801"]
[WhiteElo "2038"]
[BlackElo "1982"]
[Result "1-0"]
[Round "02"]
[TimeControl "180+1"]
[Date "2021.08.03"]
[WhiteClock "0:01:39"]
[BlackClock "0:02:00"]

1. c4 e6 2. g3 d5 3. Bg2 c6 4. Qc2 dxc4 5. Qxc4 Nf6 6. Qc2 Be7 7. Nf3 O-O 8. d4 Nbd7 9. O-O c5 10. Rd1 cxd4 11. Nxd4 Qb6 12. Be3 Qa6 13. Nc3 Nc5 14. b4 Ncd7 15. b5 Qa5 16. Nb3 Qc7 17. Rac1 Ba3 18. Nb1 Qxc2 19. Rxc2 Ne5 20. Nxa3 Bd7 21. Bf4 Ng6 22. Bxb7 Rab8 23. Bxb8 Rxb8 24. Rc7 Be8 25. Nc4 Bxb5 26. Nd6 Bxe2 27. Rdc1 h6 28. Rc8+ Rxc8 29. Rxc8+ Kh7 30. Nxf7 Nd5 31. Bxd5 exd5 32. Nd4 Bc4 33. f4 Ne7 34. Rc7 Ng8 35. f5 Nf6 36. Rc8 g6 37. fxg6+ Kxg6 38. Ne5+ Kg7 39. Nf5+ Kh7 40. Rc7+ Kg8 41. Ng6 Ne4 42. Nxh6# 1-0


[Site "https://www.chess.com"]

[Event "Titled Tuesday Blitz August 3 2021"]
[White "Arabidze, Meri"]
[Black "Starosta, Martyna"]
[WhiteFideId "13604040"]
[BlackFideId "21818754"]
[WhiteElo "2432"]
[BlackElo "1679"]
[Result "1-0"]
[Round "02"]
[TimeControl "180+1"]
[Date "2021.08.03"]
[WhiteClock "0:00:25"]
[BlackClock "0:00:31"]

1. Nf3 Nf6 2. d4 g6 3. c4 Bg7 4. Nc3 O-O 5. g3 d6 6. Bg2 Nc6 7. O-O Bg4 8. d5 Bxf3 9. exf3 Ne5 10. Qe2 c5 11. f4 Ned7 12. Re1 Re8 13. Bd2 Rb8 14. b3 a6 15. a4 e5 16. dxe6 fxe6 17. Qd3 Nb6 18. Rad1 d5 19. cxd5 exd5 20. Rxe8+ Qxe8 21. Nxd5 Rd8 22. Nxf6+ Bxf6 23. Qf1 Kg7 24. Be3 Bd4 25. Bxd4+ cxd4 26. Bxb7 Qf7 27. Bxa6 Qxb3 28. a5 Nd5 29. Bc4 Qc3 30. Bxd5 Rxd5 31. a6 Qa5 32. Qc4 Rd6 33. Kg2 Qb6 34. Rd3 Rd7 35. h4 h5 36. Rb3 Qa7 37. Qe6 d3 38. Qxd7+ Qxd7 39. Rb7 Qxb7+ 40. axb7 d2 41. b8=Q d1=Q 42. Qe5+ Kh7 43. Qe7+ Kh6 44. Qg5+ Kh7 45. Qe5 Qa4 46. f5 Qa8+ 47. Kh2 Qa2 48. fxg6+ Kxg6 49. Qg5+ Kf7 50. Qxh5+ Kg7 51. Qg5+ Kh8 52. Qf6+ Kh7 53. h5 Kg8 54. h6 Qa7 55. Qg7+ Qxg7 56. hxg7 Kxg7 57. f4 Kf6 58. g4 Kg6 59. Kg3 Kf6 60. Kh4 Kg6 61. f5+ Kf6 62. Kh5 Kg7 63. g5 Kh8 64. Kg6 Kg8 65. Kf6 Kh8 66. g6 Kg8 67. g7 Kh7 68. Kf7 1-0


[Site "https://www.chess.com"]

[Event "Titled Tuesday Blitz August 3 2021"]
[White "Assaubayeva, Bibisara"]
[Black "Mitusov, Semen"]
[WhiteFideId "13708694"]
[BlackFideId "14151049"]
[WhiteElo "2232"]
[BlackElo "2256"]
[Result "1/2-1/2"]
[Round "02"]
[TimeControl "180+1"]
[Date "2021.08.03"]
[WhiteClock "0:00:08"]
[BlackClock "0:00:23"]

1. d4 d5 2. c4 dxc4 3. Nf3 Nf6 4. e3 Bg4 5. Bxc4 e6 6. h3 Bh5 7. Nc3 a6 8. g4 Bg6 9. Nh4 Nc6 10. Nxg6 hxg6 11. Bf1 Bd6 12. Bg2 Qd7 13. Qb3 O-O-O 14. Bd2 e5 15. dxe5 Bxe5 16. O-O-O g5 17. f4 gxf4 18. exf4 Bd4 19. Kb1 Na5 20. Qb4 Bb6 21. Be3 Qe6 22. Bxb6 Qxb6 23. Qxb6 cxb6 24. g5 Nd7 25. Nd5 Nc6 26. Rhe1 Rhe8 27. Bf3 Kb8 28. Bg4 Rxe1 29. Rxe1 Nc5 30. Nxb6 Rd4 31. Bf3 Kc7 32. Nd5+ Kd6 33. Ne3 Rxf4 34. Bg4 Nd4 35. Rd1 Kc6 36. Nc4 Nce6 37. Ne5+ Kd5 38. Nxf7 Rxf7 39. Bxe6+ Kxe6 40. Rxd4 Rf2 41. a3 Rh2 42. h4 Ke5 43. Rd7 g6 44. Rxb7 Rxh4 45. Rb6 Kf5 46. Rxa6 Kxg5 47. b4 Rh3 48. Kb2 Kf5 49. b5 g5 50. b6 Rh7 51. Ra7 Rh6 52. Rf7+ Ke4 53. b7 Rb6+ 54. Kc3 g4 55. a4 g3 56. a5 g2 57. axb6 g1=Q 58. b8=Q Qc1+ 59. Kb4 Qb2+ 60. Kc5 Qd4+ 61. Kb5 Qd5+ 62. Ka6 Qa2+ 63. Kb7 Qxf7+ 64. Ka8 Qa2+ 65. Qa7 Qg8+ 66. Kb7 Qd5+ 67. Ka6 Qa2+ 68. Kb5 Qb3+ 69. Ka6 Qa2+ 70. Kb5 Qb3+ 71. Kc6 Qd5+ 72. Kc7 Qf7+ 73. Kb8 Qg8+ 74. Kb7 Qd5+ 75. Kb8 Qg8+ 76. Kb7 1/2-1/2


[Site "https://www.chess.com"]

[Event "Titled Tuesday Blitz August 3 2021"]
[White "Ballester Llagaria, Luis Eduardo"]
[Black "Babazada, Khazar"]
[WhiteFideId "2297620"]
[BlackFideId "13413554"]
[WhiteElo "2344"]
[BlackElo "2344"]
[Result "0-1"]
[Round "02"]
[TimeControl "180+1"]
[Date "2021.08.03"]
[WhiteClock "0:00:05"]
[BlackClock "0:00:45"]

1. e4 e5 2. Nf3 Nc6 3. Bc4 Bc5 4. O-O Nf6 5. d4 Bxd4 6. Nxd4 Nxd4 7. f4 d6 8. fxe5 dxe5 9. Bg5 Be6 10. Na3 Qe7 11. Kh1 O-O-O 12. c3 Bxc4 13. Nxc4 Ne6 14. Bxf6 gxf6 15. Qf3 Qc5 16. Ne3 Ng5 17. Qf5+ Kb8 18. Rae1 Rhg8 19. Ng4 Ne6 20. Nxf6 Rg5 21. Qh3 Rd2 22. b4 Qc4 23. Nxh7 Rgxg2 24. Rxf7 a6 25. Nf6 Qxa2 26. Rf8+ Nxf8 0-1


[Site "https://www.chess.com"]

[Event "Titled Tuesday Blitz August 3 2021"]
[White "Batsuren, Dambasuren"]
[Black "Atanasov, Anthony"]
[WhiteFideId "4902920"]
[BlackFideId "2623897"]
[WhiteElo "2371"]
[BlackElo "1889"]
[Result "1-0"]
[Round "02"]
[TimeControl "180+1"]
[Date "2021.08.03"]
[WhiteClock "0:00:04"]
[BlackClock "0:00:04"]

1. d4 Nf6 2. c4 g6 3. Nc3 d5 4. Bf4 Bg7 5. e3 O-O 6. Rc1 c5 7. dxc5 Qa5 8. Nf3 dxc4 9. Bxc4 Qxc5 10. Bb3 Bg4 11. h3 Qh5 12. O-O Bxf3 13. Qxf3 Qxf3 14. gxf3 Nc6 15. Nd5 Rad8 16. e4 Nxd5 17. Bxd5 Nd4 18. Bc7 Ne2+ 19. Kg2 Nxc1 20. Bxd8 Rxd8 21. Rxc1 Bxb2 22. Rb1 Bd4 23. Rxb7 e6 24. Bc6 Bb6 25. Bd7 Kg7 26. Bxe6 Rd2 27. Rxf7+ Kh6 28. f4 Rxf2+ 29. Kg3 Rf1 30. e5 Be3 31. h4 a5 32. Bb3 Bd4 33. e6 Re1 34. Bd5 Re3+ 35. Kg4 Re1 36. Kg3 Re3+ 37. Kg2 a4 38. Bc4 Re4 39. h5 Kxh5 40. Bd5 Re2+ 41. Kf3 Re3+ 42. Kg2 h6 43. e7 Bc5 44. f5 g5 45. f6 Kg6 46. Rf8 Bxe7 47. fxe7 Rxe7 48. Ra8 Re2+ 49. Kf3 Rd2 50. Be4+ Kf6 51. Rxa4 h5 52. Ra6+ Kf7 53. Bg6+ Kg7 54. Bxh5 Rd4 55. Kg3 Rf4 56. Bf3 Kf7 57. a4 Ke7 58. a5 Kd7 59. Rg6 Rf5 60. Bg4 1-0


[Site "https://www.chess.com"]